 Dungeon Crawl Stone Soup version 0.31.0-11-ge490571c62 (webtiles) character file.

Game seed: 7380262444584203291

218 qw the Skirmisher (level 5, 0/29 HPs)
             Began as a Deep Elf Hunter on Feb 4, 2024.
             Slain by an iguana (13 damage)
             ... on level 4 of the Dungeon.
             The game lasted 00:00:13 (2861 turns).

qw the Skirmisher (Deep Elf Hunter)                 Turns: 2861, Time: 00:00:13

Health: 0/29       AC:  5    Str: 10    XL:     5   Next: 63%
Magic:  7/7        EV: 12    Int: 14    God:
Gold:   113        SH:  0    Dex: 18    Spells: 4/4 levels left

rFire   . . .        a - +0 shortbow
rCold   + . .        (shield currently unavailable)
rNeg    . . .        c - +0 leather armour
rPois   .            i - +1 helmet
rElec   .            (no cloak)
rCorr   .            (no gloves)
SInv    .            (no boots)
Will    .....        (no amulet)
Stlth   ++           m - ring of protection from cold
HPRegen 0.24/turn    (no ring)
MPRegen 0.10/turn

%: no passive effects
@: no status effects
A: no striking features
a: no special abilities


You were on level 4 of the Dungeon.
You visited 1 branch of the dungeon, and saw 4 of its levels.

You collected 201 gold pieces.
You spent 88 gold pieces at shops.


   Skills:
 + Level 1.5 Fighting
 - Level 9.0 Ranged Weapons
 - Level 3.0 Dodging
 - Level 1.2 Stealth


You had 4 spell levels left.
You didn't know any spells.
Your spell library was empty.

Inventory:

Hand Weapons
 a - a +0 shortbow (weapon)
Armour
 b - a +0 scale mail
 c - a +0 leather armour (worn)
 i - a +1 helmet (worn)
Jewellery
 j - a ring of fire
 m - a ring of protection from cold (left hand)
Wands
 g - a wand of mindburst (17)
 k - a wand of iceblast (8)
 o - a wand of acid (9)
Potions
 d - 3 potions of curing
 e - a potion of mutation
 h - a potion of enlightenment
 l - a potion of cancellation {unknown}

Dungeon Overview and Level Annotations

Branches:
Dungeon (4/15)
 Temple: D:4-7

Altars:

Shops:
D:3 *   D:4 (


Message History

Ijyb hits you with a +0 dagger.
A goblin comes into view. It is wielding a +0 dagger.
You shoot an arrow. The arrow barely misses Ijyb.
The goblin shouts!
Ijyb hits you with a +0 dagger.
An iguana comes into view.
You shoot an arrow. The arrow hits Ijyb.
Ijyb is severely wounded.
Ijyb hits you with a +0 dagger.
You shoot an arrow. The arrow hits Ijyb.
Ijyb is almost dead.
Ijyb hits you but does no damage.
You shoot an arrow. The arrow barely misses Ijyb.
Ijyb barely misses you.
You shoot an arrow. The arrow closely misses Ijyb.
Ijyb hits you with a +0 dagger.
You shoot an arrow. The arrow hits Ijyb.
Ijyb is almost dead.
Ijyb zaps a wand.
The puff of flame hits you!
You shoot an arrow. The arrow barely misses Ijyb.
Ijyb zaps a wand.
The puff of flame hits you. The goblin barely misses you.
2856 ||| DRINKING potion of heal wounds.
You feel much better. Ijyb hits you with a +0 dagger.
The iguana barely misses you. The goblin misses you.
You shoot an arrow. The arrow barely misses Ijyb.
Ijyb hits you with a +0 dagger. The iguana closely misses you.
The goblin closely misses you.
You shoot an arrow. The arrow misses Ijyb.
Ijyb barely misses you. The iguana bites you. The goblin completely misses you.
You shoot an arrow. The arrow hits Ijyb!
You kill Ijyb!
The iguana bites you. The goblin barely misses you.
Your Dodging skill increases to level 3!
You shoot an arrow. The arrow barely misses the iguana.
The iguana barely misses you. The goblin hits you but does no damage.
You shoot an arrow.
The arrow hits the iguana but does no damage.
The iguana bites you!
You die...

........##
#........# .
........# ..
#......####...
#.............
#.............
#..(..........
#.....@g......
#####l#)......
#.#.......
#########.######.#
####...........# .
#....~~~~~~....#
#....####~~....#
#....~~~~~~....#
#....~~####....#


You could see an iguana and a goblin.

Vanquished Creatures
  2 iguanas (D:4)
  Ijyb (D:4)
  Robin (D:3)
  A gnoll (D:1)
  3 adders
  3 dart slugs
  A ribbon worm (D:3)
  3 orcs (D:2)
  7 endoplasms
  7 giant cockroaches
  9 hobgoblins
  4 quokkas
  9 ball pythons
  4 bats
  2 frilled lizards
  13 goblins
  7 kobolds
  4 rats
81 creatures vanquished.

Notes
Turn   | Place    | Note
-------+----------+-------------------------------------------
     0 | D:1      | qw the Deep Elf Hunter began the quest for the Orb.
     0 | D:1      | Reached XP level 1. HP: 12/12 MP: 3/3
     0 | D:1      | 0 ||| qw: Version: 0.3-a-160-g6735b56
     0 | D:1      | 0 ||| qw: Game counter: 5583
     0 | D:1      | 0 ||| qw: Melee chars always use a shield: true
     0 | D:1      | 0 ||| qw: God list: Okawaru
     0 | D:1      | 0 ||| qw: Allow faded altars: false
     0 | D:1      | 0 ||| qw: Do Orc after clearing Dungeon:15 true
     0 | D:1      | 0 ||| qw: Do second Lair branch before Depths: true
     0 | D:1      | 0 ||| qw: Lair rune preference: random
     0 | D:1      | 0 ||| qw: Goals: Normal
     0 | D:1      | 0 ||| PLANNING D:1-11
   143 | D:1      | Found a faded altar of an unknown god.
   168 | D:1      | Reached skill level 6 in Ranged Weapons
   168 | D:1      | Reached XP level 2. HP: 16/16 MP: 4/4
   580 | D:1      | Reached XP level 3. HP: 20/20 MP: 5/5
   749 | D:1      | Reached skill level 7 in Ranged Weapons
   818 | D:1      | 818 ||| READING 2 scrolls labelled PISOSHR NOMIRGHUI.
   819 | D:1      | 819 ||| READING scroll labelled NIAFAF ZOELU.
   824 | D:1      | 824 ||| READING 2 scrolls labelled ZUUDIA FATYAD.
   925 | D:1      | 925 ||| DRINKING 2 ruby potions.
   926 | D:1      | 926 ||| DROPPING scroll of butterflies.
   927 | D:1      | 927 ||| DROPPING scroll of poison.
   928 | D:1      | 928 ||| DROPPING scroll of vulnerability.
  1192 | D:2      | Reached XP level 4. HP: 25/25 MP: 6/6
  1657 | D:2      | 1657 ||| READING 2 scrolls labelled NIBRYI YSCHONN.
  1658 | D:2      | 1658 ||| READING scroll labelled ALIOTOEMIE.
  1658 | D:2      | 1658 ||| ENCHANTING +0 shortbow.
  1659 | D:2      | 1659 ||| READING scroll labelled MOCEIC MUOQATS.
  1660 | D:2      | 1660 ||| DRINKING 2 puce potions.
  1661 | D:2      | 1661 ||| DRINKING 3 potions of curing.
  1661 | D:2      | 1661 ||| (to cure confusion)
  1662 | D:2      | 1662 ||| DROPPING potion of ambrosia.
  1663 | D:2      | 1663 ||| DROPPING scroll of blinking.
  1747 | D:3      | Noticed Robin
  1754 | D:3      | Killed Robin
  1769 | D:3      | Reached skill level 8 in Ranged Weapons
  1777 | D:3      | HP: 6/25 [hobgoblin[Robin] (1)]
  2329 | D:3      | Reached XP level 5. HP: 29/29 MP: 7/7
  2388 | D:3      | Found Hokhlujo's General Store.
  2397 | D:3      | 2397 ||| SHOPLISTING +3 ring mail of fire resistance (286
                  | gold, have 138).
  2397 | D:3      | 2397 ||| SHOPLISTING +7 arbalest of Siz Wuatt {heavy,
                  | Str+3} (620 gold, have 138).
  2397 | D:3      | 2397 ||| BUYING potion of curing (33 gold).
  2397 | D:3      | Bought a potion of curing for 33 gold pieces
  2397 | D:3      | 2397 ||| SHOPLISTING potion of haste (110 gold, have 105).
  2397 | D:3      | 2397 ||| BUYING potion of heal wounds (55 gold).
  2397 | D:3      | Bought a potion of heal wounds for 55 gold pieces
  2397 | D:3      | 2397 ||| SHOPLISTING scroll of enchant armour (82 gold,
                  | have 50).
  2604 | D:3      | 2604 ||| UPGRADING to +1 helmet.
  2609 | D:3      | 2609 ||| UPGRADING to ring of protection from cold.
  2610 | D:3      | 2610 ||| READING 2 scrolls labelled RYODAWIU OZXO.
  2610 | D:3      | 2610 ||| IDENTIFYING fizzy coppery potion
  2611 | D:3      | 2611 ||| READING scroll of identify.
  2611 | D:3      | 2611 ||| IDENTIFYING fizzy emerald potion
  2612 | D:3      | 2612 ||| DRINKING 2 white potions.
  2613 | D:3      | 2613 ||| FLEEEEING.
  2614 | D:3      | 2614 ||| FLEEEEING.
  2615 | D:3      | 2615 ||| FLEEEEING.
  2616 | D:3      | 2616 ||| FLEEEEING.
  2617 | D:3      | 2617 ||| FLEEEEING.
  2618 | D:3      | 2618 ||| FLEEEEING.
  2619 | D:3      | 2619 ||| FLEEEEING.
  2620 | D:3      | 2620 ||| FLEEEEING.
  2621 | D:3      | 2621 ||| FLEEEEING.
  2622 | D:3      | 2622 ||| FLEEEEING.
  2623 | D:3      | 2623 ||| FLEEEEING.
  2624 | D:3      | 2624 ||| FLEEEEING.
  2625 | D:3      | 2625 ||| FLEEEEING.
  2626 | D:3      | 2626 ||| FLEEEEING.
  2627 | D:3      | 2627 ||| FLEEEEING.
  2628 | D:3      | 2628 ||| FLEEEEING.
  2629 | D:3      | 2629 ||| FLEEEEING.
  2630 | D:3      | 2630 ||| FLEEEEING.
  2631 | D:3      | 2631 ||| FLEEEEING.
  2632 | D:3      | 2632 ||| FLEEEEING.
  2633 | D:3      | 2633 ||| STAIRDANCE
  2635 | D:2      | 2635 ||| FLEEEEING.
  2636 | D:2      | 2636 ||| FLEEEEING.
  2637 | D:2      | 2637 ||| FLEEEEING.
  2638 | D:2      | 2638 ||| FLEEEEING.
  2639 | D:2      | 2639 ||| FLEEEEING.
  2640 | D:2      | 2640 ||| FLEEEEING.
  2641 | D:2      | 2641 ||| FLEEEEING.
  2642 | D:2      | 2642 ||| FLEEEEING.
  2643 | D:2      | 2643 ||| FLEEEEING.
  2644 | D:2      | 2644 ||| FLEEEEING.
  2645 | D:2      | 2645 ||| FLEEEEING.
  2646 | D:2      | 2646 ||| FLEEEEING.
  2647 | D:2      | 2647 ||| FLEEEEING.
  2648 | D:2      | 2648 ||| STAIRDANCE
  2650 | D:1      | 2650 ||| DROPPING potion of berserk rage.
  2799 | D:4      | Found Vemac's Antique Weapon Boutique.
  2807 | D:4      | Reached skill level 9 in Ranged Weapons
  2835 | D:4      | Noticed Ijyb
  2836 | D:4      | 2836 ||| FLEEEEING.
  2846 | D:4      | HP: 5/29 [Ijyb/puff of flame (11)]
  2847 | D:4      | 2847 ||| DRINKING 2 potions of heal wounds.
  2855 | D:4      | HP: 6/29 [Ijyb/puff of flame (3)]
  2856 | D:4      | 2856 ||| DRINKING potion of heal wounds.
  2859 | D:4      | Killed Ijyb
  2860 | D:4      | Reached skill level 3 in Dodging
  2861 | D:4      | Slain by an iguana

Levels and vault maps discovered:
D:1:      roadster_arrival_rocket_large, layout_basic,
          shapermc_ecumenical_altar_mp_ritualfount
D:2:      layout_basic
D:3:      layout_loops_corners, serial_shops, nicolae_shop_trees, uniq_robin
D:4:      layout_basic, grunt_temple_overflow_open,
          ashenzari_conservatory_becter, serial_shops, nicolae_shop_trees, shop,
          nicolae_tricolors, uniq_ijyb

Skill      XL: |  1  2  3  4  5 |
---------------+----------------+-----
Ranged Weapons | 6 7 8 9 |  9.0
Dodging        | 3 |  3.0
Fighting       | |  1.5
Stealth        | |  1.2

Action                     |  1- 3 |  4- 6 || total
---------------------------+-------+-------++-------
   Fire: Shortbow          |   113 |   135 ||   248
    Use: Scroll            |     3 |     5 ||     8
         Potion            |     1 |     5 ||     6
 Armour: Leather armour    |     8 |    34 ||    42
  Dodge: Dodged            |     9 |    52 ||    61

Table legend:
 A = Non-vault XP
 B = Vault XP
 C = Vault XP percentage of total XP
 D = Non-vault monster count
 E = Vault monster count
 F = Vault count percentage of total count
                 A         B        C        D         E       F
            +---------+---------+-------+---------+---------+-------
      Total |     242 |      70 |  22.4 |      69 |      12 |  14.8
            +---------+---------+-------+---------+---------+-------
        D:1 |      65 |       0 |   0.0 |      32 |       0 |   0.0
        D:2 |      47 |       0 |   0.0 |      18 |       0 |   0.0
        D:3 |      54 |      35 |  39.3 |      15 |      11 |  42.3
        D:4 |      76 |      35 |  31.5 |       4 |       1 |  20.0
            +---------+---------+-------+---------+---------+-------
